 Dungeon Crawl Stone Soup version 0.31-a0-229-g1fc7ce93e2 (webtiles) character file.

Game seed: 689710983227830250

102 qw the Shooter (level 4, -1/36 HPs)
             Began as a Minotaur Hexslinger on July 6, 2023.
             Slain by an orc wizard
             ... wielding a +0 dagger
              (2 damage)
             ... on level 3 of the Dungeon.
             The game lasted 00:00:53 (1774 turns).

qw the Shooter (Minotaur Hexslinger)                Turns: 1774, Time: 00:00:54

Health: -1/36      AC:  3    Str: 12    XL:     4   Next: 49%
Magic:  4/4        EV: 12    Int: 10    God:
Gold:   61         SH:  0    Dex: 15    Spells: 4/5 levels left

rFire   . . .        Y - +2 sling
rCold   . . .        (no shield)
rNeg    . . .        a - +0 leather armour
rPois   .            (helmet restricted)
rElec   .            (no cloak)
rCorr   .            (no gloves)
SInv    .            (no boots)
Will    .....        h - amulet of the acrobat
Stlth   +            (no ring)
HPRegen 0.26/turn    (no ring)
MPRegen 0.09/turn

%: acrobat
@: no status effects
A: horns 2, retaliatory headbutt
a: no special abilities


You were on level 3 of the Dungeon.
You visited 1 branch of the dungeon, and saw 3 of its levels.

You collected 61 gold pieces.


Innate Abilities, Weirdness & Mutations

You have a pair of horns on your head.
You reflexively headbutt those who attack you in melee.


   Skills:
 + Level 2.2 Fighting
 - Level 5.0 Ranged Weapons
 - Level 2.1 Dodging
 - Level 1.0 Spellcasting
 - Level 2.0 Hexes


You had 4 spell levels left.
You knew the following spells:

 Your Spells              Type           Power      Damage    Failure   Level
a - Slow                  Hex            16%        N/A       19%         1

Your spell library contained the following spells:

 Spells                   Type           Power      Damage    Failure   Level
 Inner Flame              Hex/Fire       2%         N/A       65%         3
 Portal Projectile        Hex/Tloc       4%         N/A       65%         3
 Cause Fear               Hex            2%         N/A       88%         4

Inventory:

Hand Weapons
 Y - a +2 sling (weapon)
Armour
 a - a +0 leather armour (worn)
Jewellery
 h - an amulet of the acrobat (around neck)
Scrolls
 b - a scroll of identify
Potions
 g - a potion of resistance {unknown}
 i - a potion of haste {unknown}

Dungeon Overview and Level Annotations

Branches:
Dungeon (3/15)

Altars:
Wu Jian

Shops:
D:2 [


Message History

The orc wizard gestures at you while chanting.
You are more confused.
The orc priest mumbles some strange prayers to Beogh against you.
Beogh smites you! The orc wizard casts a spell at you.
You resist with some effort.
The orc wizard hits you but does no damage.
The orc wizard completely misses you. The orc wizard misses you.
The orc wizard misses you.
The orc wizard hits you with a +0 dagger.
The orc wizard gestures at you while chanting.
You resist with some effort. The orc wizard completely misses you.
The orc priest mumbles some strange prayers to Beogh against you.
Beogh smites you!
The orc wizard hits you with a +0 dagger.
The orc wizard misses you. The orc wizard completely misses you.
The orc wizard casts a spell.
The orc wizard flickers and vanishes!
Deactivating autopickup; reactivate with Ctrl-A.
You feel less confused.
You hear some strange, mumbled words.
Something tries to affect you, but you resist.
You shoot a sling bullet. The sling bullet barely misses the orc.
The sling bullet barely misses the orc priest.
Something hits you.
You shoot a sling bullet. Something hits you.
You shoot a sling bullet. Something hits you.
You shoot a sling bullet.
The sling bullet closely misses the orc.
The sling bullet hits the orc priest but does no damage.
Something hits you.
You shoot a sling bullet. The sling bullet barely misses the orc.
The sling bullet barely misses the orc priest.
Something hits you.
You die...

#..#######..#
##.........#
#####.#####
#.....#
#####o# #.#
#.###
#...#######
###oo{@...##
#######..#
##.### #...#
###.##########
#.<.........
###########.
#. #.


You could see an orc priest and an orc.

Vanquished Creatures
  3 adders
  A worm (D:2)
  A dart slug (D:1)
  3 orcs (D:3)
  7 endoplasms
  5 giant cockroaches
  5 hobgoblins
  7 jackals (D:2)
  4 quokkas
  9 ball pythons
  A frilled lizard (D:1)
  6 goblins
  5 kobolds
  3 rats (D:2)
60 creatures vanquished.

Notes
Turn   | Place    | Note
-------+----------+-------------------------------------------
     0 | D:1      | qw the Minotaur Hexslinger began the quest for the Orb.
     0 | D:1      | Reached XP level 1. HP: 16/16 MP: 1/1
     0 | D:1      | 0 ||| qw: Version: 0.3-a-46-gb1f654a
     0 | D:1      | 0 ||| qw: Game counter: 1375
     0 | D:1      | 0 ||| qw: Melee chars always use a shield: true
     0 | D:1      | 0 ||| qw: God list: Okawaru
     0 | D:1      | 0 ||| qw: Allow faded altars: false
     0 | D:1      | 0 ||| qw: Do Orc after clearing Dungeon:15 true
     0 | D:1      | 0 ||| qw: Do second Lair branch before Depths: true
     0 | D:1      | 0 ||| qw: Lair rune preference: random
     0 | D:1      | 0 ||| qw: Goals: Normal
     0 | D:1      | 0 ||| PLANNING D:1-11
   148 | D:1      | Reached skill level 3 in Ranged Weapons
   205 | D:1      | Reached XP level 2. HP: 23/23 MP: 2/2
   381 | D:1      | Found a faded altar of an unknown god.
   590 | D:1      | Reached XP level 3. HP: 29/29 MP: 3/3
   841 | D:1      | 841 ||| UPGRADING to amulet of the acrobat.
   846 | D:1      | 846 ||| READING scroll labelled DUAGIQ ALUO.
   847 | D:1      | 847 ||| READING scroll labelled CINUACE UQAIP.
   848 | D:1      | 848 ||| READING scroll labelled XEJE LEJUDAT.
   849 | D:1      | 849 ||| READING scroll labelled MILUEBI UGGIRPH.
   853 | D:1      | 853 ||| DROPPING scroll of poison.
   977 | D:2      | Reached skill level 4 in Ranged Weapons
  1026 | D:2      | Found Dylofeum's Armour Boutique.
  1037 | D:2      | Identified the +0 robe of Thoughtfulness {+Inv Str+3}
  1050 | D:2      | 1050 ||| SHOPLISTING +0 cloak (63 gold, have 53).
  1050 | D:2      | 1050 ||| SHOPLISTING +0 cloak of preservation (161 gold,
                  | have 53).
  1050 | D:2      | 1050 ||| SHOPLISTING +0 ring mail (56 gold, have 53).
  1161 | D:2      | Reached XP level 4. HP: 33/36 MP: 4/4
  1384 | D:2      | 1384 ||| UPGRADING to +0 leather armour.
  1394 | D:2      | 1394 ||| DROPPING +0 robe.
  1395 | D:2      | 1395 ||| DROPPING +0 robe of Thoughtfulness {+Inv Str+3}.
  1396 | D:2      | 1396 ||| DROPPING ring of flight.
  1397 | D:2      | 1397 ||| READING scroll labelled NEROGE SAVONA.
  1398 | D:2      | 1398 ||| READING scroll labelled IBITEGR JOBOY.
  1545 | D:3      | Found an ornate altar of the Wu Jian Council.
  1551 | D:3      | Reached skill level 5 in Ranged Weapons
  1724 | D:3      | 1724 ||| FLEEEEING.
  1725 | D:3      | 1725 ||| FLEEEEING.
  1729 | D:3      | 1729 ||| FLEEEEING.
  1730 | D:3      | 1730 ||| FLEEEEING.
  1731 | D:3      | 1731 ||| FLEEEEING.
  1732 | D:3      | 1732 ||| FLEEEEING.
  1733 | D:3      | 1733 ||| FLEEEEING.
  1734 | D:3      | 1734 ||| FLEEEEING.
  1735 | D:3      | 1735 ||| FLEEEEING.
  1747 | D:3      | 1747 ||| FLEEEEING.
  1748 | D:3      | 1748 ||| FLEEEEING.
  1750 | D:3      | 1750 ||| FLEEEEING.
  1751 | D:3      | 1751 ||| FLEEEEING.
  1764 | D:3      | HP: 9/36 [orc priest/divine providence (10)]
  1770 | D:3      | HP: 6/36 [something (3)]
  1772 | D:3      | HP: 1/36 [something (4)]
  1774 | D:3      | Slain by an orc wizard

Levels and vault maps discovered:
D:1:      nzn_arrival_water_spiral, layout_loops_ring, basic_ecumenical_altar,
          kennysheep_boxes
D:2:      layout_basic, serial_shops, shop
D:3:      cheibrodos_pilgrimage, layout_basic, nicolae_wu_jian_wuxing_cycle,
          serial_shops, nicolae_shop_window_shopping

Skill      XL: |  1  2  3  4 |
---------------+-------------+-----
Ranged Weapons | 3 4 5 |  5.0
Fighting       | 2 |  2.2
Dodging        | |  2.1
Spellcasting   | |  1.0
Hexes          | |  2.0

Action                     |  1- 3 |  4- 6 || total
---------------------------+-------+-------++-------
   Fire: Sling             |   132 |    59 ||   191
    Use: Scroll            |     4 |     2 ||     6
 Armour: Robe              |     8 |     1 ||     9
         Leather armour    |       |     6 ||     6
  Dodge: Dodged            |    25 |    19 ||    44

Table legend:
 A = Non-vault XP
 B = Vault XP
 C = Vault XP percentage of total XP
 D = Non-vault monster count
 E = Vault monster count
 F = Vault count percentage of total count
                 A         B        C        D         E       F
            +---------+---------+-------+---------+---------+-------
      Total |     143 |       3 |   2.1 |      59 |       1 |   1.7
            +---------+---------+-------+---------+---------+-------
        D:1 |      50 |       0 |   0.0 |      28 |       0 |   0.0
        D:2 |      67 |       0 |   0.0 |      24 |       0 |   0.0
        D:3 |      26 |       3 |  10.3 |       7 |       1 |  12.5
            +---------+---------+-------+---------+---------+-------
